Map: Abyssal Reef LE

Players

jheffe - Winner!

  • Race: Terran Terran
  • League: Grandmaster
  • Spawn Location: 11:00

A.I. 2 (Harder)

  • Race: Zerg Zerg
  • Spawn Location: 5:00

VOD

Have the link to the VOD?

Description

Time

  • Played on: Jan. 15, 2018, 12:55 p.m.
  • Length: 11:21
Show
View Real Time Build Order
Export as new Build Order

jheffe Terran - Winner!

Build Orders: Reaper Expand, Mech 

Get SALT Encoding   

  12  0:01  SCV  
  13  0:13  SCV  
  14  0:17  Supply Depot  
  14  0:25  SCV  
  15  0:29  Refinery  
  15  0:39  SCV  
  16  0:45  Barracks  
  16  0:51  SCV  
  17  1:03  SCV  
  18  1:15  SCV  
  19  1:32  Reaper  
  20  1:33  Orbital Command  
  20  1:48  Command Center  
  20  1:58  SCV  
  21  2:02  Factory  
  21  2:06  Barracks Reactor  
  21  2:10  SCV  
  21  2:13  Refinery  
  22  2:19  Supply Depot  
  22  2:22  SCV  
  23  2:41  SCV  
  24  2:46  Hellion, Starport  
  24  2:48  Marine x2  
  28  2:53  SCV  
  29  3:01  Orbital Command  
  29  3:07  SCV  
  29  3:09  Marine  
  29  3:10  Marine  
  32  3:16  Cyclone  
  35  3:20  SCV  
  35  3:24  Medivac  
  38  3:30  SCV  
  38  3:33  Supply Depot  
  38  3:34  Marine  
  39  3:36  Marine  
  39  3:38  SCV  
  42  3:42  SCV  
  43  3:51  SCV  
  43  3:54  SCV  
  43  3:55  Supply Depot  
  45  4:03  SCV  
  45  4:04  Hellion x2  
  45  4:06  SCV  
  45  4:09  Liberator  
  51  4:15  SCV  
  52  4:18  SCV  
  52  4:19  Supply Depot  
  53  4:25  Hellion x2  
  53  4:28  SCV  
  53  4:30  SCV  
  62  4:40  SCV  
  62  4:41  Command Center  
  62  4:43  SCV  
  62  4:45  Refinery  
  64  4:46  Refinery  
  64  4:49  Hellion  
  64  4:50  Hellion  
  64  4:52  SCV  
  69  5:00  SCV  
  69  5:05  Armory x2  
  70  5:12  SCV  
  70  5:18  SCV, Barracks Tech Lab  
  71  5:26  SCV  
  71  5:27  Factory  
  66  5:28  Factory  
  66  5:29  Starport Tech Lab  
  66  5:30  Hellion x2  
  66  5:33  SCV  
  69  5:38  SCV  
  70  5:45  SCV, Supply Depot  
  71  5:51  SCV  
  71  5:54  Terran Vehicle Weapons Level 1, Terran Vehicle And Ship Armor Level 1, Orbital Command  
  71  5:57  Starport Reactor  
  72  5:58  Hellion x2  
  76  6:07  SCV  
  76  6:08  SCV  
  78  6:20  SCV, Thor x2  
  78  6:25  Orbital Command  
  91  6:28  SCV  
  91  6:32  SCV  
  90  6:37  Supply Depot  
  90  6:38  Medivac, Supply Depot  
  92  6:40  SCV  
  92  6:41  Medivac, Refinery  
  92  6:44  SCV, Refinery  
  96  6:51  Infernal Pre-Igniter  
  96  6:52  SCV  
  96  6:53  Hellion x2  
  101  6:58  SCV x2  
  101  7:01  Supply Depot x2  
  103  7:04  SCV  
  103  7:06  Siege Tank  
  103  7:07  Siege Tank  
  110  7:11  SCV x2  
  109  7:16  SCV  
  109  7:17  Hellion x2  
  114  7:23  SCV x2  
  114  7:24  Supply Depot  
  114  7:26  Supply Depot  
  114  7:28  SCV  
  117  7:35  SCV x2  
  119  7:40  SCV, Supply Depot x2  
  119  7:42  Factory  
  120  7:44  Factory  
  120  7:47  SCV x2  
  122  7:53  Siege Tank x2, SCV  
  122  7:54  Hellion x2  
  122  7:58  Terran Vehicle Weapons Level 2  
  133  7:59  SCV, Terran Vehicle And Ship Armor Level 2  
  134  8:15  Hellion  
  134  8:16  Hellion  
  138  8:25  Siege Tank x2  
  138  8:26  Factory Tech Lab  
  144  8:28  Factory Reactor  
  144  8:31  Command Center  
  144  8:32  Viking  
  146  8:36  Viking  
  146  8:40  Supply Depot  
  147  8:41  Supply Depot  
  147  8:43  Supply Depot  
  147  8:47  Siege Tank, Hellion x2  
  154  8:57  Siege Tank  
  154  8:58  Siege Tank  
  160  9:09  Supply Depot x2  
  160  9:12  Hellion x2  
  160  9:13  Hellion x2  
  168  9:20  Siege Tank, Refinery  
  168  9:21  Hellion x10  
  168  9:23  Engineering Bay  
  173  9:24  Refinery  
  171  9:31  Viking x2  
  171  9:33  Siege Tank x2  
  181  9:50  Planetary Fortress  
  181  9:52  Siege Tank  
  184  9:56  Factory x2  
  184  9:57  Hellion x4  
  192  10:01  Viking x2  
  192  10:05  Command Center, Hellion  
  198  10:48  Factory Tech Lab, Hellion  
  198  10:49  Factory Reactor  
Show
View Real Time Build Order
Export as new Build Order

A.I. 2 (Harder) Zerg 

Build Orders: Hatch First 

Get SALT Encoding   

  12  0:01  Drone  
  13  0:12  Overlord  
  13  0:17  Drone  
  14  0:31  Drone x2  
  14  0:34  Drone  
  17  0:56  Hatchery  
  16  0:57  Drone  
  17  1:12  Spawning Pool  
  17  1:13  Drone  
  17  1:17  Drone  
  18  1:21  Extractor  
  18  1:22  Drone  
  18  1:30  Overlord  
  18  1:38  Drone  
  19  2:00  Zergling x4, Queen  
  23  2:02  Roach Warren  
  23  2:07  Drone  
  23  2:09  Extractor  
  23  2:11  Drone  
  23  2:23  Drone  
  24  2:36  Zergling x2  
  24  2:42  Roach  
  24  2:44  Overlord  
  26  2:47  Zergling x2  
  27  2:53  Roach  
  27  2:56  Baneling Nest  
  27  2:57  Drone  
  28  2:59  Roach  
  28  3:05  Zergling x2  
  31  3:10  Lair  
  31  3:33  Extractor  
  30  3:36  Extractor  
  30  3:37  Drone  
  30  3:39  Baneling  
  31  3:41  Drone  
  31  3:52  Drone  
  32  3:56  Drone  
  32  4:00  Drone  
  34  4:03  Drone  
  34  4:07  Overlord, Drone  
  36  4:10  Spire  
  35  4:18  Drone  
  35  4:22  Drone  
  37  4:25  Drone  
  37  4:29  Drone  
  39  4:32  Drone  
  39  4:36  Zergling x2  
  39  4:41  Drone  
  39  4:44  Drone  
  41  4:48  Drone  
  42  4:54  Drone  
  42  4:56  Drone  
  42  4:59  Drone  
  40  5:02  Drone  
  40  5:06  Drone  
  42  5:12  Zergling x2  
  41  5:18  Zergling x2  
  40  5:23  Drone  
  40  5:24  Zergling x2  
  36  5:30  Baneling, Drone  
  36  5:35  Mutalisk  
  34  5:41  Zergling x2  
  34  5:42  Drone  
  32  5:46  Mutalisk  
  29  5:50  Drone  
  24  6:00  Drone  
  10  6:52  Drone  
  2  7:27  Drone  
  3  7:50  Drone  
  4  8:08  Drone  
Tags
 
Add a new tag
Caveats
  • Supply blocks, unpowered buildings, or Contaminate may cause inaccurate times.
  • Supply counts are checked every 10 seconds.